 Dungeon Crawl Stone Soup version 0.31-a0-441-g867994ef1c (webtiles) character file.

Game seed: 3675021058027486623

458 jlumianski the Ducker (level 7, -5/48 HPs)
             Began as a Djinni Fire Elementalist on Aug 3, 2023.
             Slain by an ogre
             ... wielding a +0 giant club
              (30 damage)
             ... on level 4 of the Dungeon.
             The game lasted 00:18:39 (3156 turns).

jlumianski the Ducker (Djinni Fire Elementalist)    Turns: 3156, Time: 00:18:39

Health: -5/48      AC:  7    Str:  7    XL:     7   Next: 27%
Gold:   95         EV: 13    Int: 19    God:
                   SH:  0    Dex: 13

rFire   + + .        c - +0 dagger
rCold   x . .        (no shield)
rNeg    + . .        a - +0 robe
rPois   ∞            y - +0 helmet
rElec   .            (no cloak)
rCorr   .            (no gloves)
SInv    .            (boots unavailable)
Will    .....        (no amulet)
Stlth   +++          l - +4 ring of protection
HPRegen 0.28/turn    w - ring of positive energy
MPRegen 0.00/turn

%: infuse magic (-6 HP)
@: flying
A: sickness immunity, fire resistance 2, cold vulnerability 1, float, innate
caster, HP casting, extra vitality 1
a: no special abilities


You were on level 4 of the Dungeon.
You visited 1 branch of the dungeon, and saw 5 of its levels.

You collected 95 gold pieces.

Inventory:

Hand Weapons
 c - a +0 dagger (weapon)
 q - a +0 sling
 u - the +5 woodcutter's axe
   (You found it on level 4 of the Dungeon)
Missiles
 m - 3 boomerangs
 p - 2 throwing nets
 A - 5 poisoned darts
Armour
 a - a +0 robe (worn)
 y - a +0 helmet (worn)
Jewellery
 l - a +4 ring of protection (left hand)
 w - a ring of positive energy (right hand)
Talismans
 v - a beast talisman
 B - a maw talisman
Scrolls
 d - a scroll of enchant armour {unknown}
 e - a scroll of fear {unknown}
 f - 2 scrolls of teleportation
 g - a scroll of enchant weapon {unknown}
 h - a scroll of fog {unknown}
 r - a scroll of amnesia {unknown}
 x - a scroll of noise {unknown}
Potions
 b - 2 potions of curing
 i - a potion of berserk rage
 j - a potion of haste
 k - a potion of invisibility
 n - a potion of might
 o - a potion of attraction {unknown}
 s - a potion of brilliance
 t - a potion of lignification {unknown}
 z - a potion of enlightenment
 C - 2 potions of degeneration {unknown}


   Skills:
 + Level 1.9 Fighting
 + Level 2.4 Short Blades
 + Level 4.5 Dodging
 + Level 4.2 Stealth
 + Level 3.3 Spellcasting
 + Level 3.3 Conjurations
 + Level 3.3 Hexes
 + Level 3.3 Summonings
 + Level 3.3 Necromancy
 + Level 3.3 Translocations
 + Level 3.3 Transmutations
 + Level 3.3 Fire Magic
 + Level 3.3 Ice Magic
 + Level 3.3 Air Magic
 + Level 3.3 Earth Magic
 + Level 3.3 Poison Magic


You knew the following spells:

 Your Spells              Type           Power      Damage    Failure   Level
a - Foxfire               Conj/Fire      60%        2x1d7     3%          1
b - Scorch                Fire           30%        2d6       6%          2
c - Volatile Blastmotes   Fire/Tloc      30%        2d12      12%         3
d - Inner Flame           Hex/Fire       15%        N/A       12%         3
e - Flame Wave            Conj/Fire      15%        2d7       36%         4
f - Slow                  Hex            60%        N/A       3%          1
g - Ensorcelled Hibernat  Hex/Ice        30%        N/A       6%          2
h - Static Discharge      Conj/Air       30%        2-4/arc   6%          2
Your spell library was empty.

Dungeon Overview and Level Annotations

Branches:
Dungeon (5/15)
 Temple: D:4-7

Altars:
Hepliaklqana

Shops:
D:3 =


Innate Abilities, Weirdness & Mutations

You are immune to sickness and miasma.
You are immune to poison.
Your flesh is very heat resistant. (rF++)
You are vulnerable to cold. (rC-)
You float through the air rather than walking.
You learn spells naturally, not from books.
Your magical power is your life essence.
You have superior vitality. (+4 MHP)


Message History

A cloud of volatile blastmotes flares up around you!
The cloud of blastmotes explodes!
The concussive blast engulfs the sleepcap.
The sleepcap is heavily damaged.
The concussive blast engulfs you. You resist.
You are knocked back by the blast.
Casting: Volatile Blastmotes (dangerous; 12% risk of failure)
Confirm with . or Enter, or press ? or * to list all spells.
A cloud of volatile blastmotes flares up around you!
The sleepcap attacks as you move away! The sleepcap releases spores at you.
Found 7 stones.
The cloud of blastmotes explodes!
The concussive blast engulfs the sleepcap.
The sleepcap is heavily damaged.
The concussive blast engulfs you. You resist.
You are knocked back by the blast.
Found a robe.
You see here a +0 robe.
Casting: Volatile Blastmotes (dangerous; 12% risk of failure)
Confirm with . or Enter, or press ? or * to list all spells.
A cloud of volatile blastmotes flares up around you!
The cloud of blastmotes explodes!
The concussive blast engulfs the sleepcap!
You destroy the sleepcap!
The concussive blast engulfs you. You resist.
You are knocked back by the blast.
Things that are here:
a +0 giant club; an ogre corpse
Casting: Volatile Blastmotes (dangerous; 12% risk of failure)
Confirm with . or Enter, or press ? or * to list all spells.
A cloud of volatile blastmotes flares up around you!
The cloud of blastmotes explodes!
The concussive blast engulfs the ogre!
The ogre is moderately wounded.
You hear a shout!
Casting: Volatile Blastmotes (dangerous; 12% risk of failure)
Confirm with . or Enter, or press ? or * to list all spells.
A cloud of volatile blastmotes flares up around you!
The ogre attacks as you move away!
The ogre hits you with a +0 giant club!!
Ouch! That really hurt!
You die...

....#......#...##
..^.#...........########
...
#.....#.#.#........## ##
#.........##........##
#.....#.#.#....(.....#
.#.........#..........#
.........#.##..........#
.####.................<#
# ###....O@..........#
##..............##
.....................#
###########..........#
#..........#
#..........#
#..........#
##........##


You could see an ogre.

Vanquished Creatures
  An ice beast (D:4)
  An ogre (D:4)
  A hound (D:4)
  A jelly (D:3)
  An iguana (D:3)
  A sleepcap (D:4)
  An orc wizard (D:3)
  7 adders
  2 worms (D:3)
  2 dart slugs (D:1)
  6 orcs (D:3)
  6 endoplasms
  2 giant cockroaches (D:1)
  5 goblins
  9 hobgoblins
  4 jackals
  6 quokkas
  A ball python (D:1)
  9 bats
  5 frilled lizards
  8 kobolds
  4 rats
83 creatures vanquished.

Vanquished Creatures (others)
  167 foxfires
167 creatures vanquished.

Grand Total: 250 creatures vanquished

Notes
Turn   | Place    | Note
-------+----------+-------------------------------------------
     0 | D:1      | jlumianski the Djinni Fire Elementalist began the quest for
                  | the Orb.
     0 | D:1      | jlumianski set off with the following spells memorised:
                  | Foxfire, Scorch, Volatile Blastmotes, Inner Flame, Flame
                  | Wave.
     0 | D:1      | Reached XP level 1. HP: 15/15 MP: 0/0
   122 | D:1      | Reached XP level 2. HP: 20/21 MP: 0/0
   390 | D:1      | Reached XP level 3. HP: 21/25 MP: 0/0
   390 | D:1      | Learned a level 1 spell: Slow
   694 | D:1      | Reached XP level 4. HP: 30/31 MP: 0/0
  1706 | D:4      | Found the +5 woodcutter's axe
  1715 | D:3      | Reached XP level 5. HP: 19/36 MP: 0/0
  1715 | D:3      | Learned a level 2 spell: Ensorcelled Hibernation
  1825 | D:5      | Entered Level 5 of the Dungeon
  1877 | D:3      | Reached skill level 1 in Short Blades
  2182 | D:3      | Found Achuh's Jewellery Boutique.
  2354 | D:3      | Reached skill level 1 in Fighting
  2354 | D:3      | Reached XP level 6. HP: 41/42 MP: 0/0
  2365 | D:3      | Found a hazy altar of Hepliaklqana.
  2938 | D:4      | Noticed an ogre
  2955 | D:4      | Killed an ogre
  3069 | D:4      | Noticed an ice beast
  3083 | D:4      | Killed an ice beast
  3084 | D:4      | Reached XP level 7. HP: 43/48 MP: 0/0
  3084 | D:4      | Learned a level 2 spell: Static Discharge
  3156 | D:4      | Slain by an ogre

Illustrated notes

Levels and vault maps discovered:
D:1:      dpeg_arrival_water_temple_mockup, layout_basic
D:2:      layout_loops_ring
D:3:      layout_loops_ring, mainiacjoe_overflow_paths, serial_shops,
          nicolae_shop_pleasant_corner_grove, roderic_lattice_a
D:4:      layout_rooms, serial_glass, glass_columns_a, glass_columns_a,
          glass_columns_a, glass_columns_a, glass_columns_a, glass_columns_a,
          glass_columns_a, glass_columns_c
D:5:      layout_loops_corners, uniq_eustachio, uniq_blork_the_orc

Skill      XL: |  1  2  3  4  5  6 |
---------------+-------------------+-----
Spellcasting   | |  3.3
Conjurations   | |  3.3
Hexes          | |  3.3
Summonings     | |  3.3
Necromancy     | |  3.3
Translocations | |  3.3
Transmutations | |  3.3
Fire Magic     | |  3.3
Ice Magic      | |  3.3
Air Magic      | |  3.3
Earth Magic    | |  3.3
Poison Magic   | |  3.3
Dodging        | 3 4 |  4.5
Stealth        | 2 3 4 |  4.2
Short Blades   | 1 2 |  2.4
Fighting       | 1 |  1.9

Action                     |  1- 3 |  4- 6 |  7- 9 || total
---------------------------+-------+-------+-------++-------
  Melee: Dagger            |    19 |    41 |       ||    60
         Punch             |       |     1 |       ||     1
   Cast: Foxfire           |    34 |    65 |       ||    99
         Scorch            |     3 |     9 |       ||    12
         Ensorcelled Hiber |       |     9 |       ||     9
         Volatile Blastmot |       |     1 |     6 ||     7
    Use: Scroll            |       |     4 |       ||     4
         Potion            |       |     4 |       ||     4
   Stab: Sleeping          |     2 |     8 |       ||    10
 Armour: Robe              |    22 |    16 |     1 ||    39
  Dodge: Dodged            |    42 |    36 |     7 ||    85

Table legend: (Time is in decaauts)
 A = Elapsed time spent in this place.
 B = Non-inter-level travel time spent in this place.
 C = Inter-level travel time spent in this place.
 D = Time resting spent in this place.
 E = Time spent auto-exploring this place.
 F = Levels seen in this place.
 G = Mean time per level.
                   A        B        C        D        E       F      G
               +--------+--------+--------+--------+--------+-----+--------+
         Total |   3163 |   3040 |    123 |    137 |   1873 |   5 |  632.6 |
       Dungeon |   3163 |   3040 |    123 |    137 |   1873 |   5 |  632.6 |
               +--------+--------+--------+--------+--------+-----+--------+

Top non-repeatable levels by time:
     D:3: 1144 daAuts
     D:1: 819 daAuts
     D:2: 793 daAuts
     D:4: 398 daAuts
     D:5: 9 daAuts
